 Dungeon Crawl Stone Soup version 0.19-a0-261-g60b6c46 (webtiles) character file.

131 Sixotanaka the Slasher (level 4, -1/29 HPs)
             Began as a High Elf Skald on May 26, 2016.
             Succumbed to an orc wizard's poison
             ... on level 4 of the Dungeon.
             The game lasted 00:06:30 (3243 turns).

Sixotanaka the Slasher (High Elf Skald)             Turns: 3243, Time: 00:06:31

Health: -1/29      AC:  3    Str:  9 (11) XL:     4   Next: 91%
Magic:  2/8        EV: 11    Int: 13 (16) God:
Gold:   160        SH:  0    Dex: 14 (15) Spells: 2 memorised, 4 levels left

rFire  + . .     SeeInvis .     a - +0 falchion
rCold  + . .     Gourm    .     b - +0 leather armour
rNeg   . . .     Faith    .     (no shield)
rPois  +         Spirit   .     (no helmet)
rElec  +         Dismiss  .     (no cloak)
rCorr  +         Reflect  .     (no gloves)
SustAt .         Harm     .     (no boots)
MR     .....                    r - amulet of rage
Stlth  +.........               (no ring)
                                (no ring)

@: lethally poisoned (-1 -> -20), resistant, shrouded (expiring), infused,
flying, very slightly contaminated, not resistant to hostile enchantments, very
unstealthy
A: no striking features
a: Evoke Berserk Rage


You were on level 4 of the Dungeon.
You were not hungry.

You visited 1 branch of the dungeon, and saw 4 of its levels.

You collected 160 gold pieces.


   Skills:
 - Level 2.0 Fighting
 + Level 6.2 Long Blades
 - Level 0.8 Armour
 - Level 1.1 Dodging
 - Level 2.4 Spellcasting
 - Level 3.6 Charms


You had 4 spell levels left.
You knew the following spells:

 Your Spells              Type           Power        Failure   Level  Hunger
a - Shroud of Golubria    Chrm/Tloc      #.........   28%         2    ###....
z - Infusion              Chrm           ##..         10%         1    #......


Dungeon Overview and Level Annotations

Branches:
Dungeon (4/15)
 Temple: D:4-7

Altars:
The Shining One

Inventory:

Hand Weapons
 a - a +0 falchion (weapon)
Armour
 b - a +0 leather armour (worn)
Jewellery
 r - an amulet of rage (around neck)
Scrolls
 e - a scroll of enchant armour
 g - a scroll of remove curse {unknown}
 i - a scroll of blinking {unknown}
 j - 2 scrolls of teleportation {@r4}
 l - a scroll of amnesia
 m - a scroll of fear {unknown}
 p - a scroll of identify {@r1}
 q - a scroll of recharging {unknown}
 t - a scroll of immolation {unknown}
Books
 c - a book of Battle
Comestibles
 d - 2 bread rations
 n - 2 meat rations
 o - 2 beef jerkies

#####
#########o..#
##
#.o@......#.#
#.
#.#######...#
#. #.# ##.##
#. #.# #.# #.
#.# #.# #.
#.# #.# #.
#o# #.# #.
#.# #.# #.
#.# #.# #.


You could see an orc priest and an orc wizard.


Message History

Your magical infusion is running out.
You are no longer magically infusing your attacks.
Found a stone staircase leading down.
An orc and an orc priest come into view.
The orc priest shouts!
The orc shouts!
You start waiting.
Casting: Infusion You begin infusing your attacks with magical energy.
Casting: Infusion You miscast Shroud of Golubria.
You are very lightly contaminated with residual magic.
Multicoloured lights dance before your eyes!
The orc hits you with a mace.
Casting: Shroud of Golubria Space distorts slightly along a thin shroud covering your body.
The orc hits you with a mace!
You barely miss the orc. You completely miss the orc.
The orc hits you with a mace.
An orc wizard comes into view. It is wielding a dagger of venom.
You barely miss the orc.
The orc wizard shouts!
The orc hits you but does no damage.
The orc wizard gestures wildly while chanting.
The orc wizard seems to speed up.
You hit the orc.
The orc wizard gestures wildly while chanting.
The orc wizard blinks!
Your shroud bends the orc's attack away!
You hit the orc but do no damage. The orc hits you but does no damage.
You barely miss the orc.
The orc wizard hits you but does no damage.
The orc barely misses you.
You hit the orc.
You kill the orc!
Your shroud begins to fray at the edges.
The orc wizard hits you but does no damage.
You are poisoned.
The orc wizard hits you but does no damage.
You barely miss the orc priest.
You feel sick.
Your shroud bends the orc wizard's attack away.
The orc priest closely misses you.
You closely miss the orc priest.
You feel sick. The orc wizard closely misses you.
The orc priest invokes the aid of Beogh against you.
Pain shoots through your body!
* * * LOW HITPOINT WARNING * * *
The orc wizard hits you with a dagger of venom.
* * * LOW HITPOINT WARNING * * *
You are more poisoned.
Drink which item? (? for menu, Esc to quit)
It was a potion of flight.
You feel very buoyant.
You fly up into the air.
* * * LOW HITPOINT WARNING * * *
You feel sick.
The orc wizard mumbles some strange words.
The orc wizard blinks!
The orc priest barely misses you.
Drink which item? (? for menu, Esc to quit)
It was a potion of resistance.
You feel protected.
* * * LOW HITPOINT WARNING * * *
You feel sick.
Your shroud bends the orc priest's attack away.
The orc wizard mumbles some strange words.
The orc wizard blinks!
Drink which item? (? for menu, Esc to quit)
It was a potion of degeneration.
There was something very wrong with that liquid.
You feel weakened.
You feel dopey.
You feel clumsy.
You die...

Action                   |  1- 3 |  4- 6 || total
-------------------------+-------+-------++-------
Melee: Falchion          |   132 |    81 ||   213
 Cast: Infusion          |    15 |    10 ||    25
       Shroud of Golubri |     7 |     6 ||    13
  Use: Scroll            |       |     3 ||     3
       Potion            |       |     3 ||     3
 Stab: Sleeping          |     1 |     1 ||     2
  Eat: Meat ration       |     1 |       ||     1
       Chunk             |       |     4 ||     4
Armor: Leather armour    |    53 |    21 ||    74
Dodge: Dodged            |   106 |    54 ||   160

Vault maps used:
D:1:      dpeg_arrival_shelter, tso_metal_star
D:3:      minmay_goblin_kobold_castle, moated_statue, minmay_joined_circles
D:4:      minmay_temple_entry_purple_smoke, first_bread

Notes
Turn   | Place    | Note
--------------------------------------------------------------
     0 | D:1      | Sixotanaka the High Elf Skald began the quest for the Orb.
     0 | D:1      | Reached XP level 1. HP: 14/14 MP: 4/4
    11 | D:1      | Reached skill level 3 in Long Blades
   258 | D:1      | Reached XP level 2. HP: 19/19 MP: 3/6
   264 | D:1      | Learned a level 2 spell: Shroud of Golubria
   547 | D:1      | Reached skill level 4 in Long Blades
   793 | D:1      | Found a glowing golden altar of the Shining One.
  1082 | D:2      | Reached XP level 3. HP: 24/24 MP: 0/7
  1664 | D:2      | Reached skill level 5 in Long Blades
  1952 | D:2      | Reached XP level 4. HP: 29/29 MP: 8/8
  2446 | D:3      | Reached skill level 6 in Long Blades
  2902 | D:3      | Noticed a centaur
  3240 | D:4      | HP: 6/29 [orc priest/nerve-wracking pain (11)]
  3241 | D:4      | HP: 2/29 [poisoned by an orc wizard]
  3243 | D:4      | Succumbed to an orc wizard's poison

Vanquished Creatures
  4 adders
  An ooze (D:2)
  3 worms (D:2)
  2 dart slugs
  3 giant geckos
  4 orcs
  2 ball pythons
  2 giant cockroaches
  9 goblins
  8 hobgoblins
  6 jackals
  A quokka (D:3)
  9 bats
  5 giant newts
  4 kobolds
  7 rats
70 creatures vanquished.
